 Dungeon Crawl Stone Soup version 0.25-a0-1119-g28b6fd0c3b (webtiles) character file.

Game seed: 512238919602679452, levelgen mode: deterministic

4379 Nvm9 the Covered (level 10, -3/76 HPs)
             Began as a Demonspawn Fighter on May 18, 2020.
             Was an Elder of Okawaru.
             Slain by a two-headed ogre
             ... wielding a +0 giant spiked club
              (12 damage)
             ... on level 8 of the Dungeon.
             The game lasted 00:16:30 (9237 turns).

Nvm9 the Covered (Demonspawn Fighter)               Turns: 9237, Time: 00:16:30

Health: -3/76      AC: 15    Str: 19    XL:     10   Next: 13%
Magic:  0/10       EV:  3    Int: 11    God:    Okawaru [****..]
Gold:   443        SH: 20    Dex: 12    Spells: 9/9 levels left

rFire    . . .     SeeInvis .   D - +1 hand axe (vorpal)
rCold    . . .     Gourm    .   E - +0 tower shield
rNeg     . . .     Faith    .   C - +0 plate armour
rPois    .         Spirit   +   (no helmet)
rElec    .         Reflect  +   (no cloak)
rCorr    .         Harm     .   (no gloves)
MR       +....                  (no boots)
Stlth    ..........             F - amulet of reflection
HPRegen  0.22/turn              h - ring of protection from magic
MPRegen  0.24/turn              (no ring)

@: no status effects
A: hooves 1, slimy green scales 1, spiny 2, magic shield, magic regeneration
a: Heroism, Renounce Religion


You were on level 8 of the Dungeon.
You worshipped Okawaru.
Okawaru was greatly pleased with you.
You were not hungry.

You visited 2 branches of the dungeon, and saw 9 of its levels.
You also visited: Sewer.

You collected 443 gold pieces.

Inventory:

Hand Weapons
 a - a +1 war axe
 D - a +1 vorpal hand axe (weapon)
Missiles
 i - 8 datura-tipped darts (quivered)
 H - 3 poisoned darts
Armour
 b - a +0 scale mail
 c - a +0 kite shield
 g - a +3 chain mail of fire resistance
 p - a +0 scale mail of poison resistance
 s - a +0 chain mail
 C - a +0 plate armour (worn)
 E - a +0 tower shield (worn)
Jewellery
 h - a ring of protection from magic (left hand)
 l - an uncursed amulet of the acrobat
 m - an uncursed amulet of guardian spirit
 y - a +4 ring of evasion {unknown}
 F - an amulet of reflection (around neck)
Wands
 n - a wand of acid (4)
 x - a wand of iceblast (10)
 A - a wand of paralysis (6)
Scrolls
 k - 3 scrolls of teleportation
 o - 5 scrolls of identify
 t - 3 scrolls of remove curse
 v - 2 scrolls of blinking
 I - a scroll of fog {unknown}
Potions
 d - 3 potions of might
 e - 6 potions of curing
 j - 2 potions of magic {unknown}
 q - 2 potions of ambrosia {unknown}
 r - a potion of lignification {unknown}
 u - 6 potions of heal wounds {unknown}
 w - a potion of mutation {unknown}
 z - 2 potions of brilliance {unknown}
 B - a potion of resistance {unknown}
 G - a potion of cancellation {unknown}
Comestibles
 f - 16 rations


   Skills:
 + Level 6.1 Fighting
 + Level 7.4 Axes
 * Level 7.9 Armour
 - Level 2.2 Dodging
 - Level 1.0 Stealth
 + Level 7.2 Shields


You had 9 spell levels left.
You didn't know any spells.
Your spell library was empty.

Dungeon Overview and Level Annotations

Branches:
Dungeon (8/15)             Temple (1/1) D:5           Sewer (visited)
   Lair: D:8-11

Altars:
Ashenzari
Cheibriados
Dithmenos
Elyvilon
Fedhas
Gozag
Hepliaklqana
Kikubaaqudgha
Makhleb
Nemelex Xobeh
Okawaru
Qazlal
Ru
Sif Muna
Trog
Uskayaw
Vehumet
Wu Jian
Xom
Yredelemnul
Zin
The Shining One

Annotations:
D:8 1 runed translucent door, waddelsworth's ghost, novice GrEE


Innate Abilities, Weirdness & Mutations

You have large cloven feet.
You are partially covered in slimy green scales. (AC +2)
You are mostly covered in sharp spines.
When hurt, damage is shared between your health and your magic reserves.
You regenerate magic rapidly.


Message History

You hit the two-headed ogre.
The two-headed ogre is severely wounded.
You barely miss the two-headed ogre.
You kick the two-headed ogre, but do no damage.
The two-headed ogre is severely wounded.
You block the two-headed ogre's attack. x2
You hit the two-headed ogre. Your kick misses the two-headed ogre.
The two-headed ogre is almost dead.
The two-headed ogre hits you with a +0 giant spiked club!!
* * * LOW HITPOINT WARNING * * *
The two-headed ogre hits you with a +0 giant club!
* * * LOW HITPOINT WARNING * * *
You are too injured to fight recklessly!
You are too injured to fight recklessly!
You are too injured to fight recklessly!
You are too injured to fight recklessly!
You hit the two-headed ogre. Your kick misses the two-headed ogre.
The two-headed ogre is almost dead.
The two-headed ogre hits you with a +0 giant spiked club!
You die...

###.## ##.#.# ..#.#
###....######.###....###
.(.....................
###....######.#......#
##.#.# .......# ###.#
#.....# #.# #.O...# #.##
#.@...## #..# ##.#...#
##.# #.#...### ## #.#
#..<....# .## #.#
#.......# # #.## #.#
#.......#.# ##.####.#
###.......# ........#
#...###.. .#.######
##..##W##.


You could see a two-headed ogre.

Vanquished Creatures
  Harold (D:8)
  2 hippogriffs (D:8)
  A spriggan (D:7)
  A hungry ghost (D:7)
  2 sky beasts
  3 orc warriors
  3 black bears (D:7)
  A phantom (D:5)
  An ogre (D:7)
  2 centaurs
  A big kobold (D:8)
  4 bullfrogs (D:6)
  A scorpion (D:7)
  6 killer bees (D:8)
  3 wights (D:7)
  4 howler monkeys
  A centaur zombie (D:8)
  3 crimson imps
  A quasit (D:5)
  A hound (D:7)
  A jelly (D:7)
  4 orc priests
  A bullfrog skeleton (D:7)
  2 iguanas
  5 orc wizards
  5 worker ants
  A hound zombie (D:6)
  8 gnolls
  11 adders
  3 shadow imps
  3 oozes
  An adder zombie (D:7)
  2 adder skeletons
  6 worms
  A dart slug (D:2)
  8 leopard geckos
  25 orcs
  4 bats
  6 giant cockroaches
  9 goblins
  9 hobgoblins
  11 jackals
  6 quokkas
  11 ball pythons
  10 frilled lizards
  A giant cockroach zombie (D:6)
  A jackal skeleton (D:4)
  A jackal zombie (D:7)
  23 kobolds
  A leopard gecko skeleton (D:4)
  A quokka skeleton (D:5)
  6 rats
  A plant (Sewer)
230 creatures vanquished.

Notes
Turn   | Place    | Note
-------+----------+-------------------------------------------
     0 | D:1      | Nvm9 the Demonspawn Fighter began the quest for the Orb.
     0 | D:1      | Reached XP level 1. HP: 18/18 MP: 1/1
   177 | D:1      | Gained mutation: You are partially covered in sharp spines.
                  | [demonic ancestry]
   177 | D:1      | Reached XP level 2. HP: 24/24 MP: 2/2
   652 | D:2      | Reached XP level 3. HP: 25/29 MP: 3/3
  1543 | D:3      | Gained mutation: When hurt, damage is shared between your
                  | health and your magic reserves. [demonic ancestry]
  1543 | D:3      | Reached XP level 4. HP: 33/35 MP: 4/4
  2006 | D:3      | Found a hide-covered altar of Uskayaw.
  2271 | D:4      | Gained mutation: You have large cloven feet. [demonic
                  | ancestry]
  2271 | D:4      | Reached XP level 5. HP: 34/41 MP: 5/5
  2912 | D:4      | Reached XP level 6. HP: 48/48 MP: 6/6
  2914 | D:4      | Reached skill level 1 in Dodging
  3550 | D:5      | Entered Level 5 of the Dungeon
  3601 | D:5      | Found a staircase to the Ecumenical Temple.
  3612 | D:5      | Noticed a sky beast
  3613 | D:5      | Gained mutation: You are mostly covered in sharp spines.
                  | [demonic ancestry]
  3613 | D:5      | Reached XP level 7. HP: 27/54 MP: 3/7
  3900 | D:5      | Reached skill level 5 in Axes
  3908 | D:5      | Found a glowing drain.
  3923 | Sewer    | Entered a sewer
  4878 | Temple   | Entered the Ecumenical Temple
  5023 | Temple   | Became a worshipper of Warmaster Okawaru
  5810 | D:6      | Reached skill level 5 in Shields
  5810 | D:6      | Gained mutation: You regenerate magic rapidly. [demonic
                  | ancestry]
  5810 | D:6      | Reached XP level 8. HP: 58/61 MP: 6/8
  5821 | D:6      | Reached * piety under Okawaru
  6192 | D:7      | Reached skill level 5 in Armour
  6295 | D:7      | Reached skill level 1 in Stealth
  6585 | D:7      | Reached ** piety under Okawaru
  6585 | D:7      | Gained mutation: You are partially covered in slimy green
                  | scales. (AC +2) [demonic ancestry]
  6585 | D:7      | Reached XP level 9. HP: 45/66 MP: 9/9
  7366 | D:7      | Reached skill level 5 in Fighting
  7672 | D:8      | Reached *** piety under Okawaru
  8180 | D:8      | Noticed Harold
  8693 | D:8      | Killed Harold
  8693 | D:8      | Reached **** piety under Okawaru
  8693 | D:8      | Reached XP level 10. HP: 76/76 MP: 10/10
  8892 | D:8      | Found an iron altar of Okawaru.
  9206 | D:8      | Found a runed translucent door.
  9206 | D:8      | Noticed waddelsworth's ghost (novice GrEE)
  9221 | D:8      | Noticed a two-headed ogre
  9237 | D:8      | Slain by a two-headed ogre

Illustrated notes

Levels and vault maps discovered:
D:1:      saegor_arrival_simple_e, layout_basic, minmay_bisected
D:2:      layout_basic
D:3:      layout_loops_ring, eat_drink_and_be_merry_uskayaw, first_ration
D:4:      kennysheep_six_static_rooms, layout_rooms, grunt_decor_fettered,
          minmay_misc_feat_diagonals
D:5:      layout_basic, minmay_temple_entry_junction,
          cheibrodos_sewer_entry_sluice
D:6:      layout_rooms
D:7:      layout_layer_cave, the_bakery
D:8:      layout_loops_corners, hellmonk_ghost_happy_afterlife,
          okawaru_altar_gauntlet_db, uniq_harold
Temple:   nicolae_temple_the_god_donut

Skill      XL: |  1  2  3  4  5  6  7  8  9 |
---------------+----------------------------+-----
Shields        | 3 4 5 6 7 |  7.2
Armour         | 3 4 5 7 |  7.9
Axes           | 2 3 4 5 6 7 |  7.4
Dodging        | 1 2 |  2.2
Fighting       | 4 6 |  6.1
Stealth        | 1 |  1.0

Action                   |  1- 3 |  4- 6 |  7- 9 | 10-12 || total
-------------------------+-------+-------+-------+-------++-------
Melee: War axe           |    94 |   123 |   132 |       ||   349
       Kick              |       |    18 |   109 |    20 ||   147
       Hand axe          |       |       |   256 |    61 ||   317
Invok: Heroism           |       |       |     1 |       ||     1
  Use: Scroll            |     2 |     8 |     5 |       ||    15
       Potion            |       |       |     5 |       ||     5
  Eat: Chunk             |     2 |     7 |    14 |       ||    23
       Ration            |       |       |     2 |       ||     2
Armor: Scale mail        |    34 |    39 |    36 |       ||   109
       Plate armour      |       |       |    91 |    10 ||   101
Dodge: Dodged            |    34 |    44 |    89 |     1 ||   168
Block: Kite shield       |    45 |    61 |   104 |       ||   210
       Tower shield      |       |       |   265 |    46 ||   311
       Reflection        |       |       |    10 |     2 ||    12

Table legend:
 A = Non-vault XP
 B = Vault XP
 C = Vault XP percentage of total XP
 D = Non-vault monster count
 E = Vault monster count
 F = Vault count percentage of total count
                 A         B        C        D         E       F
            +---------+---------+-------+---------+---------+-------
      Total |    4956 |    1301 |  20.8 |     185 |      44 |  19.2
            +---------+---------+-------+---------+---------+-------
        D:1 |      22 |       8 |  26.7 |      13 |       4 |  23.5
        D:2 |      58 |       0 |   0.0 |      22 |       0 |   0.0
        D:3 |     180 |       0 |   0.0 |      24 |       0 |   0.0
        D:4 |     327 |      40 |  10.9 |      18 |       4 |  18.2
        D:5 |     535 |       5 |   0.9 |      23 |       3 |  11.5
        D:6 |     668 |       0 |   0.0 |      16 |       0 |   0.0
        D:7 |    1307 |     220 |  14.4 |      24 |       1 |   4.0
        D:8 |    1859 |     978 |  34.5 |      45 |       7 |  13.5
      Sewer |       0 |      50 | 100.0 |       0 |      25 | 100.0
            +---------+---------+-------+---------+---------+-------
